 Dungeon Crawl Stone Soup version 0.27-a0-1105-g946c659c87 (webtiles) character file.

Game seed: 15209633173671450150

17234 DogServant the Thaumaturge (level 12, 91/91 HPs)
             Began as a Gnoll Venom Mage on Apr 29, 2021.
             Was an Initiate of Ashenzari.
             Quit the game on level 2 of the Lair of Beasts.
             The game lasted 00:47:40 (17725 turns).

DogServant the Thaumaturge (Gnoll Venom Mage)      Turns: 17725, Time: 00:47:40

Health: 91/91      AC: 17    Str: 10    XL:     12   Next: 45%
Magic:  25/25      EV: 29    Int: 23    God:    Ashenzari [......]
Gold:   831        SH:  0    Dex: 13    Spells: 10/29 levels left

rFire    . . .     SeeInvis .   v - staff of poison
rCold    . . .     Faith    .   (no shield)
rNeg     . . .     Spirit   .   P - +0 acid dragon scales
rPois    +         Reflect  .   z - +0 helmet
rElec    +         Harm     .   (no cloak)
rCorr    +         Rampage  .   y - +0 pair of gloves
Will     .....                  I - +0 pair of boots
Stlth    ++++......             t - amulet of the acrobat
HPRegen  0.25/turn              M - +6 ring of intelligence
MPRegen  0.19/turn              u - +4 ring of protection

@: acrobatic
A: fangs 1, strong nose, distributed training, iridescent scales 1, electricity
resistance
a: Renounce Religion, Curse Item


You were on level 2 of the Lair of Beasts.
You worshipped Ashenzari.
Ashenzari was noncommittal.
You visited 3 branches of the dungeon, and saw 13 of its levels.

You collected 831 gold pieces.

Inventory:

Hand Weapons
 p - the +4 dagger "Yzxona Zini" {drain, rF+ rCorr Str+4 Int-2}
   (You found it on level 4 of the Dungeon)

   A truly terrible weapon, it drains the life of those it strikes.
   It affects your strength (+4).
   It affects your intelligence (-2).
   It protects you from fire.
   It protects you from acid and corrosion.
 B - a +4 rapier of protection
 E - a +2 vorpal falchion
Missiles
 d - 30 poisoned darts (quivered)
 x - 4 curare-tipped darts
Armour
 y - a +0 pair of gloves (worn)
 z - a +0 helmet (worn)
 I - a +0 pair of boots (worn)
 O - a +1 troll leather armour {Snorg}
 P - +0 acid dragon scales (worn)
Magical Staves
 i - a staff of air
 v - a staff of poison (weapon)
 J - a staff of conjuration
Jewellery
 a - a ring of protection from cold
 b - a ring of protection from cold
 m - a ring of protection from cold
 t - an amulet of the acrobat (around neck)
 u - a +4 ring of protection (right hand)
 M - a +6 ring of intelligence (left hand)
 N - a +4 ring of protection
Wands
 l - a wand of charming (16)
 n - a wand of acid (2)
 s - a wand of polymorph (10)
 D - a wand of iceblast (3)
Scrolls
 e - 3 scrolls of magic mapping
 g - 2 scrolls of teleportation
 h - a scroll of fog
 j - a scroll of amnesia
 o - a scroll of blinking
 G - 3 scrolls of identify
 H - 3 scrolls of torment
 L - 2 scrolls of fear
Potions
 c - 5 potions of heal wounds
 f - 3 potions of brilliance
 k - 4 potions of flight
 q - 5 potions of haste
 r - a potion of berserk rage
 w - 3 potions of curing
 C - 2 potions of might
 F - a potion of attraction
 K - a potion of resistance


   Skills:
 + Level 7.3 Fighting
 + Level 7.3 Short Blades
 + Level 7.3 Long Blades
 + Level 7.3 Axes
 + Level 7.3 Maces & Flails
 + Level 7.3 Polearms
 + Level 7.3 Staves
 + Level 7.3 Slings
 + Level 7.3 Bows
 + Level 7.3 Crossbows
 + Level 7.3 Throwing
 + Level 7.3 Armour
 + Level 8.7 Dodging
 + Level 8.5 Stealth
 + Level 7.3 Shields
 + Level 7.3 Unarmed Combat
 + Level 9.0 Spellcasting
 + Level 6.0 Conjurations
 + Level 6.0 Hexes
 + Level 6.0 Summonings
 + Level 6.0 Necromancy
 + Level 6.0 Translocations
 + Level 6.5 Transmutations
 + Level 6.0 Fire Magic
 + Level 6.0 Ice Magic
 + Level 6.0 Air Magic
 + Level 6.0 Earth Magic
 + Level 8.3 Poison Magic
 + Level 8.0 Invocations
 + Level 7.3 Evocations


You had 10 spell levels left.
You knew the following spells:

 Your Spells              Type           Power      Damage    Failure   Level
a - Sting                 Tmut/Pois      100%       1d8       1%          1
b - Poisonous Vapours     Pois/Air       100%       N/A       1%          2
c - Ignite Poison         Fire/Tmut/Pois 59%        N/A       1%          3
d - Mephitic Cloud        Conj/Pois/Air  58%        N/A       1%          3
e - Olgreb's Toxic Radia  Pois           64%        N/A       3%          4
f - Vampiric Draining     Necr           19%        2d8       2%          3
g - Tukima's Dance        Hex            38%        N/A       2%          3

Your spell library contained the following spells:

 Spells                   Type           Power      Damage    Failure   Level
 Animate Skeleton         Necr           76%        N/A       1%          1
 Apportation              Tloc           76%        N/A       1%          1
 Corona                   Hex            42%        N/A       1%          1
 Pain                     Necr           100%       1d9       1%          1
 Summon Small Mammal      Summ           100%       N/A       1%          1
 Ensorcelled Hibernation  Hex/Ice        76%        N/A       1%          2
 Confusing Touch          Hex            38%        N/A       2%          3
 Dazzling Flash           Conj/Hex       76%        N/A       2%          3
 Animate Dead             Necr           19%        N/A       8%          4
 Agony                    Necr           38%        N/A       22%         5


Dungeon Overview and Level Annotations

Branches:
Dungeon (10/15)            Temple (1/1) D:6            Lair (2/6) D:9
    Orc (0/2) D:10
  Swamp: Lair:2-4    Shoals: Lair:2-4     Snake: Lair:2-4    Spider: Lair:2-4

Altars:
Ashenzari
Cheibriados
Dithmenos
Elyvilon
Fedhas
Gozag
Hepliaklqana
Kikubaaqudgha
Makhleb
Nemelex Xobeh
Okawaru
Qazlal
Ru
Sif Muna
Trog
Uskayaw
Vehumet
Wu Jian
Xom
Yredelemnul
Zin
The Shining One

Annotations:
D:10 1 runed translucent door, PirateVox's ghost, journeyman SpBe
Lair:1 exclusion: 4 oklob plants


Innate Abilities, Weirdness & Mutations

You have very sharp teeth.
Your uncanny sense of smell can sniff out nearby items.
Your experience applies equally to all skills.
You are partially covered in iridescent scales. (AC +2)
You are resistant to electric shocks. (rElec)


Message History

Aiming: Sting (safe; 1% risk of failure)
Press: ? - help, Shift-Dir - straight line, f/p - black mamba
Aim: a black mamba (lightly wounded, very poisoned, 63% to hit)
You feel a surge of power!
The sting hits the black mamba but does no damage.
The black mamba looks even sicker.
The black mamba is lightly wounded.
You feel very sick.
The black mamba bites you but does no damage.
The black mamba barely misses you.
Casting: Sting (safe; 1% risk of failure)
Confirm with . or Enter, or press ? or * to list all spells.
You feel a surge of power!
You ignite the poison in your surroundings!
The black mamba seems to burn from within!!!
You kill the black mamba!
You feel very sick.
Your Spellcasting skill increases to level 9!
You feel very sick.
You feel sick.
You feel sick.
You feel sick.
You feel sick.
You feel sick.
You feel sick.
You feel sick.
You feel sick.
You are no longer poisoned.
Key pressed, stopping explore.
Found a stone staircase leading down.
q - 5 potions of haste (gained 2)
You enter the shallow water.
Moving in this stuff is going to be slow.
You see here 14 arrows.
Ashenzari invites you to partake of a vision and a curse of elements and evocations.
Annotate which branch? (. - Lair:2, ? - help, ! - show branch list)
Okay, then.
Okay, then.
Okay, then.
Are you sure you want to abandon this character and quit the game? (Confirm with "yes".)

##..#.##..#.##
#....###...##
####..### ##..#
#.#..P# #..###
####....##
##...#
#..##..## ##.##
#.....#.# #.###
##......##
#...#
#.#...@..#
#...#
##........#
#..##
#...#.#P.#
##.#.###
#..####...#
##......# #.###
#..## #......P#
#..
#....##..###.##
#.# ........##
#..# .
.........####..
(........P###.#


There were no monsters in sight!

Vanquished Creatures
  Snorg (D:10)
  A hydra (Lair:1)
  A two-headed ogre (D:8)
  Urug (Lair:2)
  A black mamba (Lair:2)
  6 cane toads
  2 rime drakes (Lair:1)
  3 komodo dragons (Lair:1)
  A troll (D:10)
  A meliai zombie (D:10)
  10 blink frogs (Lair:2)
  A wraith (D:10)
  Eustachio (D:6)
  3 wyverns
  18 yaks
  A basilisk (Lair:1)
  3 steam dragons
  An acid dragon (D:10)
  6 water moccasins
  Duvessa (D:6)
  A floating eye (Lair:1)
  2 ice beasts (D:6)
  3 orc warriors
  A sky beast (D:6)
  A black bear (D:5)
  A swamp drake (D:10)
  5 wolves (Lair:1)
  3 centaurs
  2 ogres
  A phantom (D:5)
  Blork the orc (D:4)
  2 kobold brigands (D:9)
  6 bullfrogs
  3 scorpions
  A water moccasin skeleton (D:5)
  Dowan (D:6)
  6 killer bees
  5 wights (D:7)
  A howler monkey (D:6)
  2 electric eels (Lair:2)
  A bullfrog skeleton (D:5)
  4 orc priests
  3 hounds
  5 jellies
  Ijyb (D:4)
  2 iguanas
  10 orc wizards
  Terence (D:2)
  A hound zombie (D:5)
  3 hound skeletons (D:4)
  2 howler monkey zombies
  Robin (D:2)
  7 adders
  4 gnolls (D:2)
  4 white imps
  An ufetubus (D:6)
  An adder zombie (D:5)
  An adder skeleton (D:4)
  3 worms
  A dart slug (D:2)
  29 orcs
  14 ball pythons
  18 endoplasms
  7 giant cockroaches
  17 goblins
  10 hobgoblins
  12 jackals
  5 quokkas
  10 bats
  2 frilled lizards
  20 kobolds
  6 rats
317 creatures vanquished.

Vanquished Creatures (others)
  12 fungi
  22 plants
  7 toadstools (D:4)
41 creatures vanquished.

Grand Total: 358 creatures vanquished

Notes
Turn   | Place    | Note
-------+----------+-------------------------------------------
     0 | D:1      | DogServant the Gnoll Venom Mage began the quest for the
                  | Orb.
     0 | D:1      | Reached XP level 1. HP: 13/13 MP: 6/6
   207 | D:1      | Reached XP level 2. HP: 19/19 MP: 4/7
   832 | D:1      | Reached XP level 3. HP: 21/25 MP: 6/9
   904 | D:1      | Reached skill level 5 in Spellcasting
  1052 | D:1      | Learned a level 2 spell: Poisonous Vapours
  1056 | D:1      | Learned a level 3 spell: Ignite Poison
  1060 | D:1      | Learned a level 3 spell: Mephitic Cloud
  1129 | D:2      | Reached skill level 1 in Invocations
  1147 | D:2      | Reached skill level 1 in Fighting
  1147 | D:2      | Reached skill level 1 in Short Blades
  1147 | D:2      | Reached skill level 1 in Long Blades
  1147 | D:2      | Reached skill level 1 in Axes
  1147 | D:2      | Reached skill level 1 in Maces & Flails
  1147 | D:2      | Reached skill level 1 in Polearms
  1147 | D:2      | Reached skill level 1 in Staves
  1147 | D:2      | Reached skill level 1 in Slings
  1147 | D:2      | Reached skill level 1 in Bows
  1147 | D:2      | Reached skill level 1 in Crossbows
  1147 | D:2      | Reached skill level 1 in Throwing
  1147 | D:2      | Reached skill level 1 in Armour
  1147 | D:2      | Reached skill level 1 in Shields
  1147 | D:2      | Reached skill level 1 in Unarmed Combat
  1147 | D:2      | Reached skill level 1 in Evocations
  1505 | D:2      | Reached XP level 4. HP: 21/32 MP: 6/11
  1871 | D:2      | Reached skill level 1 in Conjurations
  1871 | D:2      | Reached skill level 1 in Hexes
  1871 | D:2      | Reached skill level 1 in Summonings
  1871 | D:2      | Reached skill level 1 in Necromancy
  1871 | D:2      | Reached skill level 1 in Translocations
  1871 | D:2      | Reached skill level 1 in Fire Magic
  1871 | D:2      | Reached skill level 1 in Ice Magic
  1871 | D:2      | Reached skill level 1 in Air Magic
  1871 | D:2      | Reached skill level 1 in Earth Magic
  2078 | D:2      | Noticed Terence
  2079 | D:2      | Found a faded altar of an unknown god.
  2083 | D:2      | Killed Terence
  2084 | D:2      | Reached XP level 5. HP: 37/37 MP: 2/12
  2933 | D:3      | Learned a level 4 spell: Olgreb's Toxic Radiance
  3296 | D:3      | Reached XP level 6. HP: 44/44 MP: 10/13
  3336 | D:3      | Noticed Robin
  3360 | D:2      | Killed Robin
  3832 | D:3      | Reached skill level 5 in Dodging
  5072 | D:4      | Noticed Ijyb
  5072 | D:4      | Noticed Blork the orc
  5082 | D:4      | Identified the +4 dagger "Yzxona Zini" {drain, rF+ rCorr
                  | Str+4 Int-2}
  5087 | D:4      | Killed Ijyb
  5141 | D:4      | Killed Blork the orc
  5246 | D:4      | Reached XP level 7. HP: 50/50 MP: 10/15
  5380 | D:4      | Found a shimmering blue altar of Sif Muna.
  6249 | D:5      | Entered Level 5 of the Dungeon
  6521 | D:5      | Reached skill level 5 in Stealth
  6937 | D:5      | Reached XP level 8. HP: 57/57 MP: 9/16
  7143 | D:5      | Reached skill level 6 in Spellcasting
  7612 | D:6      | Found a staircase to the Ecumenical Temple.
  7626 | D:6      | Noticed Dowan
  7725 | D:6      | Noticed Duvessa
  7730 | D:6      | Killed Dowan
  7730 | D:6      | Killed Duvessa
  7822 | Temple   | Entered the Ecumenical Temple
  8255 | D:6      | Reached XP level 9. HP: 65/65 MP: 7/18
  8803 | D:6      | Noticed Eustachio
  8811 | D:6      | Killed Eustachio
  9310 | D:6      | Found a shadowy altar of Dithmenos.
  9713 | D:7      | Found a broken altar of Ashenzari.
 10389 | D:7      | Reached skill level 5 in Invocations
 10770 | D:7      | Learned a level 3 spell: Vampiric Draining
 10981 | D:8      | Found a stormy altar of Qazlal.
 10982 | D:8      | Found a glowing golden altar of the Shining One.
 11135 | D:8      | Noticed a two-headed ogre
 11203 | D:8      | Killed a two-headed ogre
 11204 | D:8      | Reached skill level 5 in Fighting
 11204 | D:8      | Reached skill level 5 in Short Blades
 11204 | D:8      | Reached skill level 5 in Long Blades
 11204 | D:8      | Reached skill level 5 in Axes
 11204 | D:8      | Reached skill level 5 in Maces & Flails
 11204 | D:8      | Reached skill level 5 in Polearms
 11204 | D:8      | Reached skill level 5 in Staves
 11204 | D:8      | Reached skill level 5 in Slings
 11204 | D:8      | Reached skill level 5 in Bows
 11204 | D:8      | Reached skill level 5 in Crossbows
 11204 | D:8      | Reached skill level 5 in Throwing
 11204 | D:8      | Reached skill level 5 in Armour
 11204 | D:8      | Reached skill level 5 in Shields
 11204 | D:8      | Reached skill level 5 in Unarmed Combat
 11204 | D:8      | Reached skill level 7 in Spellcasting
 11204 | D:8      | Reached skill level 5 in Evocations
 11204 | D:8      | Reached XP level 10. HP: 72/74 MP: 0/20
 11686 | D:7      | Became a worshipper of Ashenzari the Shackled
 11809 | D:8      | Found an iron altar of Okawaru.
 12402 | D:9      | Found a staircase to the Lair.
 12782 | D:9      | Reached skill level 5 in Transmutations
 13034 | D:10     | Entered Level 10 of the Dungeon
 13065 | D:10     | Found a runed translucent door.
 13371 | D:10     | Found a snail-covered altar of Cheibriados.
 13569 | D:10     | Noticed an ettin
 13569 | D:10     | Noticed PirateVox's ghost (journeyman SpBe)
 13740 | D:10     | Noticed Snorg
 13746 | D:10     | Learned a level 3 spell: Tukima's Dance
 13753 | D:10     | Killed Snorg
 13754 | D:10     | Reached XP level 11. HP: 81/81 MP: 5/22
 14061 | D:10     | Identified the +2 ring mail "Liomp" {Str+4 Int+4}
 14105 | D:10     | Found a staircase to the Orcish Mines.
 14116 | D:10     | Reached skill level 5 in Conjurations
 14116 | D:10     | Reached skill level 5 in Hexes
 14116 | D:10     | Reached skill level 5 in Summonings
 14116 | D:10     | Reached skill level 5 in Necromancy
 14116 | D:10     | Reached skill level 5 in Translocations
 14116 | D:10     | Reached skill level 5 in Fire Magic
 14116 | D:10     | Reached skill level 5 in Ice Magic
 14116 | D:10     | Reached skill level 5 in Air Magic
 14116 | D:10     | Reached skill level 5 in Earth Magic
 14637 | Lair:1   | Entered Level 1 of the Lair of Beasts
 14640 | Lair:1   | Noticed a five-headed hydra
 14648 | Lair:1   | Reached skill level 8 in Spellcasting
 14650 | Lair:1   | Killed a five-headed hydra
 14965 | Lair:1   | Paralysed by a floating eye for 3 turns
 15152 | Lair:1   | Noticed an oklob plant
 15741 | Lair:1   | Gained mutation: You are resistant to electric shocks.
                  | (rElec) [potion of mutation]
 15741 | Lair:1   | Gained mutation: Your body sometimes deteriorates upon
                  | taking damage. [potion of mutation]
 15741 | Lair:1   | Gained mutation: You have sharp toenails. [potion of
                  | mutation]
 15742 | Lair:1   | Lost mutation: You have sharp toenails. [potion of
                  | mutation]
 15742 | Lair:1   | Lost mutation: Your body sometimes deteriorates upon taking
                  | damage. [potion of mutation]
 15742 | Lair:1   | Gained mutation: You are partially covered in iridescent
                  | scales. (AC +2) [potion of mutation]
 15916 | Lair:1   | Noticed an oklob plant
 15918 | Lair:1   | Noticed an oklob plant
 16066 | Lair:1   | Noticed an oklob plant
 16445 | Lair:2   | Reached XP level 12. HP: 84/89 MP: 3/24
 16452 | Lair:2   | Noticed Urug
 16481 | Lair:2   | Killed Urug
 17366 | Lair:2   | Reached skill level 9 in Spellcasting
 17725 | Lair:2   | Quit the game

Illustrated notes

Levels and vault maps discovered:
D:1:      minmay_arrival_arboretum_small, layout_loops_ring, minmay_distorted
D:2:      layout_loops_ring, chequers_ecumenical_altar_simple, uniq_terence
D:3:      layout_basic, uniq_robin
D:4:      cheibrodos_fertilizer, layout_basic, lemuel_round_altar, minmay_bent,
          uniq_ijyb, uniq_blork_the_orc
D:5:      layout_basic, minmay_misc_feat_columns, grunt_tough_drop
D:6:      layout_loops_ring, marbit_many_paths, minmay_temple_entry_waves,
          uniq_duvessa, uniq_eustachio
D:7:      wander_river, layout_basic, evilmike_ruin_ashenzari
D:8:      layout_basic, grunt_temple_overflow_open,
          lemuel_coloured_pillars_altar
D:9:      layout_basic, grunt_lair_entry_orc_guard_hut
D:10:     layout_rooms, old_standard_altar, erik_orc_1, serial_aquarium,
          aquarium_bridge_long_joined [aquarium_subvault_window,
          aquarium_subvault_bridge, aquarium_subvault_bridge,
          aquarium_subvault_window, aquarium_subvault_bridge,
          aquarium_subvault_wall], aquarium_bridge_square
          [aquarium_subvault_wall, aquarium_subvault_bridge,
          aquarium_subvault_bridge, aquarium_subvault_window],
          aquarium_window_2, aquarium_window_fake, aquarium_window_1,
          aquarium_window_fake, aquarium_view_2b, aquarium_view_2d,
          aquarium_balcony_3a, aquarium_pool_side, ebering_ghost_inner_flame,
          st_stairs_9, hangedman_abyss_or_decor_clamps, uniq_snorg
Temple:   regret_index_temple_generic_petals
Lair:1:   layout_regular_city, st_stairs_5, disabler_island,
          minmay_lair_oklob_chamber
Lair:2:   layout_cave_pods, serial_bayou_shore_a, lemuel_fruit_tree, uniq_urug

Skill      XL: |  1  2  3  4  5  6  7  8  9 10 11 12 |
---------------+-------------------------------------+-----
Transmutations | 2 3 4 5 6 |  6.5
Spellcasting   | 5 6 7 8 9 |  9.0
Invocations    | 1 2 3 4 5 6 7 8 |  8.0
Fighting       | 1 2 3 5 6 7 |  7.3
Short Blades   | 1 2 3 5 6 7 |  7.3
Long Blades    | 1 2 3 5 6 7 |  7.3
Axes           | 1 2 3 5 6 7 |  7.3
Maces & Flails | 1 2 3 5 6 7 |  7.3
Polearms       | 1 2 3 5 6 7 |  7.3
Staves         | 1 2 3 5 6 7 |  7.3
Slings         | 1 2 3 5 6 7 |  7.3
Bows           | 1 2 3 5 6 7 |  7.3
Crossbows      | 1 2 3 5 6 7 |  7.3
Throwing       | 1 2 3 5 6 7 |  7.3
Armour         | 1 2 3 5 6 7 |  7.3
Shields        | 1 2 3 5 6 7 |  7.3
Unarmed Combat | 1 2 3 5 6 7 |  7.3
Evocations     | 1 2 3 5 6 7 |  7.3
Conjurations   | 1 2 3 4 5 6 |  6.0
Hexes          | 1 2 3 4 5 6 |  6.0
Summonings     | 1 2 3 4 5 6 |  6.0
Necromancy     | 1 2 3 4 5 6 |  6.0
Translocations | 1 2 3 4 5 6 |  6.0
Fire Magic     | 1 2 3 4 5 6 |  6.0
Ice Magic      | 1 2 3 4 5 6 |  6.0
Air Magic      | 1 2 3 4 5 6 |  6.0
Earth Magic    | 1 2 3 4 5 6 |  6.0
Dodging        | 5 6 7 8 |  8.7
Stealth        | 5 6 7 8 |  8.5
Poison Magic   | 6 7 8 |  8.3

Action                   |  1- 3 |  4- 6 |  7- 9 | 10-12 || total
-------------------------+-------+-------+-------+-------++-------
Melee: Unarmed           |     7 |       |       |       ||     7
       Staff             |    21 |    61 |   142 |   150 ||   374
       Bite              |     2 |     4 |    13 |    14 ||    33
       Dagger            |       |       |     7 |       ||     7
       Punch             |       |       |       |     3 ||     3
Throw: Dart              |       |       |     1 |     5 ||     6
 Cast: Sting             |    53 |   123 |   134 |    88 ||   398
       Poisonous Vapours |     3 |    25 |    49 |    51 ||   128
       Ignite Poison     |       |     5 |    22 |    30 ||    57
       Mephitic Cloud    |       |     3 |    13 |    15 ||    31
       Olgreb's Toxic Ra |       |     3 |     5 |    21 ||    29
       Vampiric Draining |       |       |       |     1 ||     1
Evoke: Wand              |       |       |       |     6 ||     6
  Use: Scroll            |       |     8 |     1 |       ||     9
       Potion            |       |       |       |     2 ||     2
 Stab: Sleeping          |       |     1 |     1 |       ||     2
Armor: Robe              |     7 |    28 |    48 |       ||    83
       Leather armour    |       |       |    23 |    40 ||    63
       Acid dragon scale |       |       |       |    44 ||    44
       Troll leather arm |       |       |       |     9 ||     9
Dodge: Dodged            |    45 |    99 |   178 |   188 ||   510

Table legend: (Time is in decaauts)
 A = Elapsed time spent in this place.
 B = Non-inter-level travel time spent in this place.
 C = Inter-level travel time spent in this place.
 D = Time resting spent in this place.
 E = Time spent auto-exploring this place.
 F = Levels seen in this place.
 G = Mean time per level.
                   A        B        C        D        E       F      G
               +--------+--------+--------+--------+--------+-----+--------+
         Total |  17765 |  16949 |    816 |   3038 |  11565 |  13 | 1366.5 |
       Dungeon |  14380 |  13594 |    786 |   2055 |   9603 |  10 | 1438.0 |
        Temple |    289 |    268 |     21 |      0 |    205 |   1 |  289.0 |
          Lair |   3095 |   3087 |      8 |    983 |   1757 |   2 | 1547.5 |
               +--------+--------+--------+--------+--------+-----+--------+

Top non-repeatable levels by time:
     D:4: 2081 daAuts
     D:2: 2014 daAuts
  Lair:1: 1726 daAuts
    D:10: 1595 daAuts
     D:5: 1504 daAuts
  Lair:2: 1368 daAuts
     D:3: 1357 daAuts
     D:7: 1348 daAuts
     D:6: 1347 daAuts
     D:9: 1120 daAuts
     D:1: 1106 daAuts
     D:8: 903 daAuts
  Temple: 289 daAuts
